 Dungeon Crawl Stone Soup version 0.29.1-15-g9cfb28693d (webtiles) character file.

Game seed: 7571050234985662795

35 redmage the Digger (level 3, -1/26 HPs)
             Began as a Meteoran Earth Elementalist on Sept 22, 2023.
             Killed by divine providence
             ... invoked by an orc priest
              (16 damage)
             ... on level 4 of the Dungeon.
             The game lasted 00:04:08 (315 turns).

redmage the Digger (Meteoran Earth Elementalist)     Turns: 315, Time: 00:04:08

Health: -1/26      AC:  3    Str: 10    XL:     3   Next: 79%
Magic:  9/9        EV: 27    Int: 18    God:
Gold:   46         SH:  0    Dex: 14    Spells: 3/9 levels left

rFire   . . .      SeeInvis .   (no weapon)
rCold   . . .      Faith    .   (no shield)
rNeg    + . .      Spirit   .   h - +0 leather armour {rPois}
rPois   +          Reflect  .   (no helmet)
rElec   .          Harm     .   (no cloak)
rCorr   .          Rampage  .   (no gloves)
Will    .....                   (no boots)
Stlth   +.........              e - amulet of the acrobat
HPRegen 0.08/turn               g - ring of positive energy
MPRegen 0.11/turn               (no ring)

@: acrobatic, glowing
A: sense surroundings 1, otherworldly, glowing, explore regen
a: no special abilities


You were on level 4 of the Dungeon.
You visited 1 branch of the dungeon, and saw 4 of its levels.

You collected 46 gold pieces.

Inventory:

Armour
 h - a +0 leather armour of poison resistance (worn)
Jewellery
 e - an amulet of the acrobat (around neck)
 g - a ring of positive energy (left hand)
Scrolls
 c - 3 scrolls of identify {unknown}
 d - 2 scrolls of noise {unknown}
 f - a scroll of vulnerability {unknown}
Potions
 b - a potion of magic


   Skills:
 - Level 2.4 Dodging
 - Level 1.4 Stealth
 + Level 3.7 Spellcasting
 - Level 1.2 Transmutations
 + Level 4.5 Earth Magic


You had 3 spell levels left.
You knew the following spells:

 Your Spells              Type           Power      Damage    Failure   Level
a - Sandblast             Erth           38%        2d10      3%          1
b - Passwall              Tmut/Erth      10%        N/A       10%         2
c - Stone Arrow           Conj/Erth      22%        3d8       24%         3

Your spell library contained the following spells:

 Spells                   Type           Power      Damage    Failure   Level
 Sting                    Tmut/Pois      20%        1d4       16%         1
 Poisonous Vapours        Pois/Air       6%         N/A       30%         2
 Petrify                  Tmut/Erth      13%        N/A       54%         4
 Olgreb's Toxic Radiance  Pois           3%         N/A       90%         4


Dungeon Overview and Level Annotations

Branches:
Dungeon (4/15) Zot: 2071
 Temple: D:4-7

Altars:
Elyvilon


Innate Abilities, Weirdness & Mutations

You passively map a small area around you.
You are easily found by Zot.
You glow in the dark.
You regain HP and MP as you explore.


Message History

You drop a +0 robe.
You see here a +0 hand axe.
Found a whip.
An endoplasm comes into view.
The endoplasm quivers.
Casting: Sandblast (safe; 3% risk of failure)
Confirm with . or Enter, or press ? or * to list all spells.
Aiming: Sandblast (safe; 3% risk of failure)
Press: ? - help, Shift-Dir - straight line, f - endoplasm
Aim: an endoplasm (98% to hit)
The blast of sand hits the endoplasm!
You kill the endoplasm!
Unknown command.
An orc and an orc priest come into view.
The orc priest is wielding a +1 flail of protection.
Found a stone staircase leading down.
The orc shouts!
The orc priest shouts!
An orc comes into view. It is wielding a +0 club.
The orc shouts!
You hear a shout!
An orc wizard comes into view. It is wielding a +0 dagger.
Casting: Sandblast (safe; 3% risk of failure)
Confirm with . or Enter, or press ? or * to list all spells.
Aiming: Sandblast (safe; 3% risk of failure)
Press: ? - help, Shift-Dir - straight line, f - orc priest
Aim: an orc priest, wielding a +1 flail of protection (82% to hit)
The blast of sand hits the orc priest but does no damage.
The orc wizard shouts!
Unknown command.
Casting: Sandblast (safe; 3% risk of failure)
Confirm with . or Enter, or press ? or * to list all spells.
The spell is extremely dangerous to miscast (24% risk of failure)!
Continue anyway?
Okay, then.
Unknown command.
The orc priest mumbles some strange prayers to Beogh against you.
Beogh smites you!
You hear a shout!
The orc priest mumbles some strange prayers to Beogh against you.
Beogh smites you!
Ouch! That really hurt!
You die...

###..ooo... ,
#.......>#
##........##
,
#.o.o.......
#o##...#.##,,
, #.##...#,
,, #.###..#,
* #.# #..#
#@# #..#,*
#.# #..#, ,
#.# #..#* ,,
#.# #..# ,
#.# ##.# #.#
#.# * * #.#
##.## ,
#.###...##
#.##..#..## *


You could see an orc priest and an orc.

Vanquished Creatures
  2 adders (D:3)
  3 orcs (D:4)
  A bat (D:3)
  2 endoplasms
  A hobgoblin (D:3)
  3 frilled lizards
  2 goblins (D:3)
  A kobold (D:3)
15 creatures vanquished.

Notes
Turn   | Place    | Note
-------+----------+-------------------------------------------
     0 | D:1      | redmage the Meteoran Earth Elementalist began the quest for
                  | the Orb.
     0 | D:1      | Reached XP level 1. HP: 14/14 MP: 5/5
    93 | D:3      | Reached skill level 4 in Earth Magic
    93 | D:3      | Reached XP level 2. HP: 16/20 MP: 4/7
    99 | D:3      | Learned a level 2 spell: Passwall
   187 | D:3      | Reached XP level 3. HP: 26/26 MP: 5/8
   191 | D:3      | Learned a level 3 spell: Stone Arrow
   203 | D:3      | Found a white marble altar of Elyvilon.
   315 | D:4      | Killed from afar by an orc priest

Illustrated notes

Levels and vault maps discovered:
D:1:      tarquinn_simple_flora_water_b, layout_loops_ring,
          basic_ecumenical_altar
D:2:      layout_loops_ring, minivault_25, roderic_serpentine_path,
          guppyfry_early_lair_pool
D:3:      layout_loops_ring, lemuel_coloured_pillars_altar, goddamned_bats
D:4:      layout_loops_ring, mainiacjoe_overflow_24_doors

Skill      XL: |  1 |
---------------+----+-----
Spellcasting   | 3 |  3.7
Earth Magic    | 4 |  4.5
Dodging        | |  2.4
Stealth        | |  1.4
Transmutations | |  1.2

Action                   || total
-------------------------++-------
 Cast: Sandblast         ||    23
       Passwall          ||     1
Armor: Robe              ||     4
Dodge: Dodged            ||     6
